 Dungeon Crawl Stone Soup version 0.10.4 character file.

476 MackTheKnife the Basher (level 6, 38/52 HPs)
             Began as a Minotaur Fighter on Apr 19, 2014.
             Was a Follower of Okawaru.
             Quit the game on Level 5 of the Dungeon on Sept 25, 2014.
             The game lasted 00:08:33 (2626 turns).

MackTheKnife the Basher (Minotaur Fighter)          Turns: 2626, Time: 00:08:33

HP  38/52        AC  6     Str 21      XL: 6   Next: 46%
MP   2/2         EV  6     Int  5      God: Okawaru [*.....]
Gold 126         SH 17     Dex  5 (11) Spells:  0 memorised,  5 levels left

Res.Fire  : + . .   See Invis. : .   n - -1,+0 orc flail
Res.Cold  : . . .   Warding    : . . g - +1 ring mail {rF+}
Life Prot.: . . .   Conserve   : .   c - +0 shield
Res.Acid. : . . .   Res.Corr.  : .   (helmet restricted)
Res.Poison: .       Clarity    : .   (no cloak)
Res.Elec. : .       Spirit.Shd : .   (no gloves)
Sust.Abil.: . .     Stasis     : .   (no boots)
Res.Mut.  : .       Ctrl.Telep.: .   (no amulet)
Res.Rott. : .       Levitation : .   (no ring)
Saprovore : . . .   Ctrl.Flight: .   k - ring of regeneration

@: slightly resistant to hostile enchantments, extremely unstealthy
A: retaliatory headbutt, horns 2
a: Heroism, Renounce Religion


You were on level 5 of the Dungeon.
You worshipped Okawaru.
Okawaru was pleased with you.
You were very hungry.

You visited 1 branch of the dungeon, and saw 5 of its levels.

You collected 106 gold pieces.

Inventory:

Hand weapons
 a - a +1,+0 mace
 n - a -1,+0 orcish flail (weapon)
Armour
 c - a +0 shield (worn)
 f - a +2 elven ring mail
 g - a +1 ring mail of fire resistance (worn)
Comestibles
 d - 2 bread rations
 h - a meat ration
 p - 22 sultanas
 v - a rotting chunk of jackal flesh
 w - 2 rotting chunks of orc flesh
Scrolls
 e - 2 scrolls of remove curse
 i - a scroll of detect curse
 m - 3 scrolls of identify
 r - a scroll of magic mapping {unknown}
Jewellery
 k - a ring of regeneration (left hand)
Potions
 b - 6 potions of curing
 j - a potion of heal wounds {unknown}
 l - a potion of resistance {unknown}
 o - 2 potions of agility {unknown}
 q - a potion of restore abilities {unknown}
 t - a potion of paralysis {unknown}
 u - a potion of brilliance {unknown}
Books
 x - a book of Morphology

   Spells                             Type                      Level
   Sticks to Snakes                   Transmutation                2
   Petrify                            Transmutation/Earth          4
   Polymorph Other                    Hexes/Transmutation          4
   Cigotuvi's Degeneration            Transmutation/Necromancy     5
   Ignite Poison                      Fire/Transmutation           5


   Skills:
 - Level 3.6 Fighting
 + Level 8.3 Maces & Flails
 - Level 3.6 Armour
 - Level 1.2 Dodging
 - Level 0.1 Stealth
 - Level 3.6 Shields
 - Level 0.5 Traps & Doors


You had 5 spell levels left.
You didn't know any spells.

Dungeon Overview and Level Annotations

Branches:
Dungeon (5/27)             Temple (0/1) D:4

Altars:
Okawaru
Vehumet

Annotations
D:2 Sigmund


Innate Abilities, Weirdness & Mutations

You reflexively headbutt those who attack you in melee.
You have a pair of horns on your head.


Message History

You block the orc's attack.
Your shield prevents you from hitting the orc.
You headbutt the orc, but do no damage.
The orc is almost dead.
The orc hits you with a runed orcish dagger.
You hit the orc but do no damage.
The orc is almost dead.
You block the orc's attack.
You hit the orc but do no damage.
The orc is almost dead.
The orc hits you with a runed orcish dagger.
Welcome back, MackTheKnife the Minotaur Fighter.
Okawaru says: Bring me glory in combat!
Press ? for a list of commands and other information.
Welcome back, MackTheKnife the Minotaur Fighter.
Okawaru says: Bring me glory in combat!
Press ? for a list of commands and other information.
Quiver which item? (- for none, * to show all) (? for menu, Esc to quit)
Okay, then.
Are you sure you want to quit without saving? (Confirm with "yes".)

#..................#
#....######....####
#....# #....# #....#
#....+ #....# #....#
#....# #....#######
#....# ##....^....#
#....# #.######...#
...# #%@...# .#
+........o!.#
#######....# +.>..+
#....# ......
....... ...... ...


You could see an orc.

Vanquished Creatures
  An ogre (D:4)
  A quasit (D:5)
  2 orc priests
  2 orc wizards
  Ijyb (D:2)
  An adder (D:2)
  A giant mite (D:5)
  3 worms
  11 orcs
  6 hobgoblins
  3 jackals
  A ball python (D:2)
  6 bats
  5 giant cockroaches
  A giant gecko (D:1)
  4 giant newts
  11 goblins
  6 kobolds
  A kobold skeleton (D:4)
  A quokka skeleton (D:4)
  3 rats
  2 toadstools
73 creatures vanquished.

Vanquished Creatures (others)
  An orc (D:5)
  A rat (D:1)
  2 toadstools (D:2)
4 creatures vanquished.

Grand Total: 77 creatures vanquished

Notes
Turn   | Place    | Note
--------------------------------------------------------------
     0 | D:1      | MackTheKnife, the Minotaur Fighter, began the quest for the Orb.
     0 | D:1      | Reached XP level 1. HP: 19/19 MP: 0/0
   286 | D:1      | Reached XP level 2. HP: 26/26 MP: 0/0
   831 | D:2      | Found an iron altar of Okawaru.
   857 | D:2      | Became a worshipper of Warmaster Okawaru
   874 | D:2      | Reached skill level 4 in Maces & Flails
   956 | D:2      | Reached skill level 1 in Dodging
   956 | D:2      | Reached XP level 3. HP: 33/33 MP: 1/1
   976 | D:2      | Noticed Ijyb
   993 | D:2      | Killed Ijyb
  1097 | D:2      | Noticed Sigmund
  1474 | D:3      | Reached skill level 5 in Maces & Flails
  1548 | D:3      | Reached XP level 4. HP: 39/39 MP: 1/1
  1911 | D:4      | Reached skill level 6 in Maces & Flails
  1911 | D:4      | Reached XP level 5. HP: 35/46 MP: 1/1
  2043 | D:4      | Found a staircase to the Ecumenical Temple.
  2130 | D:4      | Reached skill level 7 in Maces & Flails
  2259 | D:4      | Found a radiant altar of Vehumet.
  2279 | D:4      | Acquired Okawaru's first power
  2322 | D:4      | Reached XP level 6. HP: 52/52 MP: 2/2
  2482 | D:5      | Entered Level 5 of the Dungeon
  2595 | D:5      | Reached skill level 8 in Maces & Flails
  2626 | D:5      | Quit the game
